 Dungeon Crawl Stone Soup version 0.31-a0-1009-g454b1f1e0a (webtiles) character file.

Game seed: 17838642889377173538

505 Descartes the Nimble (level 6, -3/25 HPs)
             Began as a Felid Shapeshifter on Nov 15, 2023.
             Slain by an orc priest
             ... wielding a +0 falchion
              (6 damage)
             ... on level 5 of the Dungeon.
             The game lasted 00:05:17 (2667 turns).

Descartes the Nimble (Felid Shapeshifter)           Turns: 2667, Time: 00:05:17

Health: -3/25      AC:  2    Str: 12    XL:     6   Next: 96%
Magic:  7/7        EV: 22    Int: 11    God:
Gold:   161        SH:  0    Dex: 16    Spells: 5/5 levels left
                                        Lives:  0   Deaths: 2

rFire   . .          .
                       - Unarmed
rCold   . . .        (shield unavailable)
rNeg    . . .        (body armour unavailable)
rPois   +            (helmet unavailable)
rElec   .            (cloak unavailable)
rCorr   .            (gloves unavailable)
SInv    +            (boots unavailable)
Will    .....        (no amulet)
Stlth   +            e - ring of poison resistance
HPRegen 0.24/turn    (no ring)
MPRegen 0.10/turn

%: no passive effects
@: beast-form, quick
A: beast (slay +1), very small, claws 1, fangs 3, see invisible, speed 1, shaggy
fur 2, stealthy paws, no weapons or thrown items, no armour, multi-lived
a: Begin Untransformation


You were on level 5 of the Dungeon.
You were a hulking beast.
You visited 1 branch of the dungeon, and saw 5 of its levels.

You collected 161 gold pieces.

Inventory:

Jewellery
 e - a ring of poison resistance (left paw)
 o - a ring of flight
Talismans
 b - a beast talisman
 c - a flux talisman
Scrolls
 d - 2 scrolls of revelation {unknown}
 f - 3 scrolls of immolation {unknown}
 g - 2 scrolls of enchant weapon {unknown}
 j - a scroll of amnesia {unknown}
 l - a scroll of poison {unknown}
 m - a scroll of identify {unknown}
 n - a scroll of teleportation {unknown}
 p - a scroll of blinking {unknown}
Potions
 a - a potion of lignification
 h - a potion of magic
 i - 4 potions of curing
 k - a potion of brilliance


   Skills:
 - Level 1.0 Fighting
 * Level 8.3 Dodging
 + Level 5.1 Unarmed Combat
 - Level 3.2 Shapeshifting


You had 5 spell levels left.
You didn't know any spells.
Your spell library contained the following spells:

 Spells                   Type           Power      Damage    Failure   Level
 Magic Dart               Conj           0%         1d3       34%         1
 Ensorcelled Hibernation  Hex/Ice        0%         N/A       47%         2
 Lesser Beckoning         Tloc           0%         N/A       47%         2
 Passwall                 Tmut/Erth      0%         N/A       47%         2
 Searing Ray              Conj           0%         2d4       47%         2
 Dazzling Flash           Conj/Hex       0%         N/A       71%         3
 Gell's Gravitas          Tloc           0%         N/A       71%         3
 Swiftness                Air            0%         N/A       71%         3
 Teleport Other           Tloc           0%         N/A       71%         3
 Fulminant Prism          Conj/Hex       0%         3d5       98%         4
 Agony                    Necr           0%         N/A       100%        5
 Silence                  Hex/Air        0%         N/A       100%        5


Dungeon Overview and Level Annotations

Branches:
Dungeon (5/15)
 Temple: D:4-7

Altars:
Dithmenos
Xom


Innate Abilities, Weirdness & Mutations

You are a hulking beast.
Your limbs bulge with bestial killing power. (Slay +1)
You have sharp claws.
You have razor-sharp teeth.
You have supernaturally acute eyesight. (SInv)
You cover ground quickly. (Speed+)
You are covered in thick fur. (AC +2)
Your paws help you pounce on unaware monsters.
You are incapable of wielding weapons or throwing items.
You cannot wear armour.
You gain extra lives every three experience levels.


Message History

You are too injured to fight recklessly!
You are too injured to fight recklessly!
You are too injured to fight recklessly!
Unknown command.
You scratch the orc priest but do no damage.
The orc priest is severely wounded.
The orc priest barely misses you.
You closely miss the orc priest.
The orc priest is severely wounded.
The orc priest looks satisfied for a moment.
You claw the orc priest!
You kill the orc priest!
Things that are here:
a +0 mace; an orc corpse An orc priest is nearby!
The orc priest mumbles some strange prayers to Beogh against you.
Beogh smites you!
Ouch! That really hurt!
* * * LOW HITPOINT WARNING * * *
You are too injured to fight recklessly!
You are too injured to fight recklessly!
You are too injured to fight recklessly!
You are too injured to fight recklessly!
You are too injured to fight recklessly!
You are too injured to fight recklessly!
You are too injured to fight recklessly!
You are too injured to fight recklessly!
You are too injured to fight recklessly!
You are too injured to fight recklessly!
You are too injured to fight recklessly!
You are too injured to fight recklessly!
Unknown command.
You scratch the orc priest.
The orc priest is moderately wounded.
The orc priest hits you with a +0 falchion.
* * * LOW HITPOINT WARNING * * *
You closely miss the orc priest. You bite the orc priest.
The orc priest is moderately wounded.
The orc priest hits you with a +0 falchion.
You die...

#..........#>#.
####.........##.##
#####....)..........##
#.......#.............
#..)..).##.....#.####.
###.......##.#.###.#
#. ...........##.#.#
#.####.
####..........#.#
#......
#....h..###..[#######<
#....o........# #>
#######.###.#...# #.
#.....<.......### #.
#.#####.###.#.# #. #.#
.# #. #.# .# #. #.# ..
#..


You could see an orc priest.

Vanquished Creatures
  Grinder (D:3)
  A scorpion (D:4)
  A jelly (D:5)
  An orc priest (D:5)
  2 orc wizards
  6 adders
  2 ufetubi (D:3)
  2 worms
  3 dart slugs (D:1)
  5 orcs
  4 endoplasms
  3 giant cockroaches
  3 goblins (D:1)
  A hobgoblin (D:1)
  10 jackals (D:1)
  7 kobolds
  A quokka (D:1)
  2 ball pythons (D:1)
  10 bats
  2 frilled lizards
  5 rats
72 creatures vanquished.

Notes
Turn   | Place    | Note
-------+----------+-------------------------------------------
     0 | D:1      | Descartes the Felid Shapeshifter began the quest for the
                  | Orb.
     0 | D:1      | Reached XP level 1. HP: 9/9 MP: 2/2
    34 | D:1      | Reached skill level 3 in Dodging
   100 | D:1      | Reached XP level 2. HP: 5/12 MP: 3/3
   332 | D:1      | Reached skill level 4 in Dodging
   408 | D:1      | Reached XP level 3. HP: 10/15 MP: 4/4
   805 | D:2      | Identified the +1 pair of gloves of Toamutor {Harm rF+ rN+
                  | Dex+3}
   859 | D:2      | Reached skill level 5 in Dodging
   859 | D:2      | Reached XP level 4. HP: 13/19 MP: 5/5
  1566 | D:3      | Noticed Grinder
  1572 | D:3      | Slain by Grinder
  1584 | D:3      | Found a faded altar of an unknown god.
  1590 | D:3      | Paralysed by Grinder for 4 turns
  1616 | D:3      | Paralysed by Grinder for 2 turns
  1633 | D:3      | Killed Grinder
  1634 | D:3      | Reached skill level 7 in Dodging
  1634 | D:3      | Reached XP level 5. HP: 19/22 MP: 6/6
  1634 | D:3      | Gained mutation: You are covered in thick fur. (AC +2)
                  | [Felid growth]
  1634 | D:3      | Reached XP level 6. HP: 22/25 MP: 7/7
  1990 | D:4      | Found a shimmering altar of Xom.
  1992 | D:4      | Found a shimmering altar of Xom.
  1992 | D:4      | Found a shimmering altar of Xom.
  1993 | D:4      | Found a shimmering altar of Xom.
  1994 | D:4      | Found a shimmering altar of Xom.
  1995 | D:4      | Found a shimmering altar of Xom.
  1995 | D:4      | Found a shimmering altar of Xom.
  2144 | D:4      | Found a shadowy altar of Dithmenos.
  2502 | D:5      | Entered Level 5 of the Dungeon
  2510 | D:5      | Reached skill level 5 in Unarmed Combat
  2560 | D:4      | Reached skill level 8 in Dodging
  2583 | D:4      | Mangled by an orc
  2667 | D:5      | Slain by an orc priest

Illustrated notes

Levels and vault maps discovered:
D:1:      dpeg_arrival_arbitrary_b, layout_basic
D:2:      layout_rooms
D:3:      layout_basic, shapermc_ecumenical_altar_mp_vishouse, uniq_grinder
D:4:      layout_basic, kennysheep_mini, xom_redecorated
D:5:      layout_loops_ring, minmay_temple_entry_steel_oval, uniq_prince_ribbit1

Skill      XL: |  1  2  3  4  5  6 |
---------------+-------------------+-----
Dodging        | 3 4 5 7 8 |  8.3
Unarmed Combat | 4 5 |  5.1
Fighting       | |  1.0
Shapeshifting  | |  3.2

Action                     |  1- 3 |  4- 6 || total
---------------------------+-------+-------++-------
  Melee: Unarmed           |    95 |   107 ||   202
         Bite              |     7 |    11 ||    18
    Use: Potion            |       |     3 ||     3
   Stab: Sleeping          |     3 |     4 ||     7
 Armour: Skin              |    33 |    38 ||    71
  Dodge: Dodged            |   106 |    82 ||   188

Table legend: (Time is in decaauts)
 A = Elapsed time spent in this place.
 B = Non-inter-level travel time spent in this place.
 C = Inter-level travel time spent in this place.
 D = Time resting spent in this place.
 E = Time spent auto-exploring this place.
 F = Levels seen in this place.
 G = Mean time per level.
                   A        B        C        D        E       F      G
               +--------+--------+--------+--------+--------+-----+--------+
         Total |   2266 |   2206 |     60 |      0 |   1712 |   5 |  453.2 |
       Dungeon |   2266 |   2206 |     60 |      0 |   1712 |   5 |  453.2 |
               +--------+--------+--------+--------+--------+-----+--------+

Top non-repeatable levels by time:
     D:1: 737 daAuts
     D:4: 580 daAuts
     D:3: 471 daAuts
     D:2: 360 daAuts
     D:5: 117 daAuts
